 Dungeon Crawl Stone Soup version 0.28-a0-410-gbef64dd269 (webtiles) character file.

Game seed: 11068582466919843833

2060 heikuro the Slasher (level 9, 0/70 HPs)
             Began as a Formicid Abyssal Knight on Sept 7, 2021.
             Was a Priest of Lugonu.
             Slain by a killer bee (6 damage)
             ... on level 7 of the Dungeon.
             The game lasted 00:17:01 (8120 turns).

heikuro the Slasher (Formicid Abyssal Knight)       Turns: 8120, Time: 00:17:02

Health: 0/70       AC: 12    Str: 19    XL:     9   Next: 50%
Magic:  13/13      EV:  7    Int: 13    God:    Lugonu [***...]
Gold:   248        SH:  0    Dex: 10    Spells: 8/8 levels left

rFire   . . .      SeeInvis +   e - +0 great sword
rCold   + . .      Faith    .   (no shield)
rNeg    . . .      Spirit   .   c - +0 chain mail
rPois   .          Reflect  .   (helmet unavailable)
rElec   .          Harm     .   (no cloak)
rCorr   .          Rampage  .   o - +1 pair of gloves
Will    .....                   (no boots)
Stlth   ..........              (no amulet)
HPRegen 0.21/turn               h - ring of protection from cold
MPRegen 0.13/turn               (no ring)

@: no status effects
A: permanent stasis, dig shafts and tunnels, antennae 3, four strong arms
a: Dig, Shaft Self, Renounce Religion, Depart the Abyss, Bend Space, Banish


You were on level 7 of the Dungeon.
You worshipped Lugonu.
Lugonu was most pleased with you.
You visited 2 branches of the dungeon, and saw 8 of its levels.
You visited the Abyss 1 time.

You collected 290 gold pieces.
You spent 42 gold pieces at shops.

Inventory:

Hand Weapons
 b - a +1 hunting sling of freezing
 e - a +0 great sword (weapon)
Missiles
 l - 11 javelins
 q - 23 poisoned darts (quivered)
 r - 111 stones
 y - 8 sling bullets
Armour
 c - a +0 chain mail (worn)
 o - a +1 pair of gloves (worn)
Jewellery
 h - a ring of protection from cold (left hand)
 j - a +6 ring of strength
Wands
 p - a wand of polymorph (21)
 t - a wand of iceblast (2)
 z - a wand of mindburst (15)
Scrolls
 f - 2 scrolls of noise {unknown}
 k - 2 scrolls of amnesia {unknown}
 n - 2 scrolls of summoning {unknown}
 v - 2 scrolls of magic mapping
 B - a scroll of enchant weapon {unknown}
Potions
 g - 2 potions of curing
 m - 2 potions of degeneration {unknown}
 s - a potion of brilliance {unknown}
 u - a potion of might {unknown}
 w - a potion of resistance {unknown}
 A - a potion of invisibility {unknown}
 C - a potion of mutation {unknown}
 D - a potion of attraction {unknown}


   Skills:
 + Level 6.3 Fighting
 * Level 7.3 Long Blades
 + Level 4.1 Slings
 + Level 5.8 Armour
 - Level 1.0 Dodging
 + Level 6.2 Invocations


You had 8 spell levels left.
You didn't know any spells.
Your spell library contained the following spells:

 Spells                   Type           Power      Damage    Failure   Level
 Static Discharge         Conj/Air       0%         N/A       99%         2
 Ignite Poison            Fire/Tmut/Pois 0%         N/A       100%        3
 Inner Flame              Hex/Fire       0%         N/A       100%        3
 Mephitic Cloud           Conj/Pois/Air  0%         N/A       100%        3
 Cause Fear               Hex            0%         N/A       100%        4
 Freezing Cloud           Conj/Ice/Air   0%         6-21      100%        5
 Lightning Bolt           Conj/Air       0%         1d11      100%        5
 Discord                  Hex            0%         N/A       100%        8
 Maxwell's Capacitive Co  Air            0%         ∞         100%        8


Dungeon Overview and Level Annotations

Branches:
Dungeon (7/15)             Temple (1/1) D:6

Altars:
Ashenzari
Dithmenos
Elyvilon
Fedhas
Gozag
Hepliaklqana
Kikubaaqudgha
Makhleb
Nemelex Xobeh
Okawaru
Qazlal
Sif Muna
Trog
Uskayaw
Wu Jian
Xom
Yredelemnul
The Shining One

Shops:
D:4 [[(:   D:5 ?


Innate Abilities, Weirdness & Mutations

You cannot be hasted, slowed, berserked, paralysed or teleported.
You can dig through walls and to a lower floor.
You have a pair of large antennae on your head. (SInv)
Your four strong arms can wield two-handed weapons with a shield.


Message History

You feel sick.
You kill the killer bee!
Lugonu accepts your kill.
You feel sick.
You kill the killer bee!
Lugonu accepts your kill.
You feel sick.
You feel sick.
You are no longer poisoned.
The killer bee stings you.
* * * LOW HITPOINT WARNING * * *
You see here a +0 falchion.
The killer bee barely misses you. The killer bee stings you.
* * * LOW HITPOINT WARNING * * *
The killer bee stings you.
* * * LOW HITPOINT WARNING * * *
You are lethally poisoned!
The killer bee poisons you!
* * * LOW HITPOINT WARNING * * *
You feel sick. The killer bee barely misses you.
You feel better. The killer bee closely misses you.
The howler monkey hoots and howls with incredible vigour!
The killer bee stings you but does no damage.
The howler monkey hoots and howls with incredible vigour!
The killer bee stings you!
* * * LOW HITPOINT WARNING * * *
You are lethally poisoned!
The killer bee poisons you!
The howler monkey hoots and howls with incredible vigour!
* * * LOW HITPOINT WARNING * * *
You feel sick. The killer bee barely misses you.
There is a stone staircase leading down here.
You feel better. The killer bee stings you.
* * * LOW HITPOINT WARNING * * *
The killer bee stings you but does no damage.
The killer bee stings you.
* * * LOW HITPOINT WARNING * * *
The killer bee stings you.
You die...

#...{###.#
#)#
#h###.#.##
.# #h#
##.## #h#
### #.# #.#
## #y# ..
#y# #@# #.#
#.# #.#
#### #.#
#...
#.#########
#.##
#.........#
##.##
#########.#
##.#.#
#.###.###.


You could see 3 howler monkeys and 2 killer bees.

Vanquished Creatures
  A two-headed ogre (D:6)
  Menkaure (D:7)
  2 sky beasts (D:7)
  2 ice beasts
  A phantom (D:4)
  2 bullfrogs (D:6)
  A scorpion (D:4)
  3 killer bees (D:7)
  A howler monkey (D:3)
  A hound (D:6)
  A gnoll shaman (D:7)
  2 iguanas (D:6)
  5 orc wizards
  A killer bee zombie (D:6)
  A hound skeleton (D:4)
  A howler monkey zombie (D:3)
  3 gnolls
  5 adders
  A white imp (D:7)
  An ufetubus (D:6)
  2 adder skeletons
  3 worms
  4 dart slugs
  19 orcs
  8 ball pythons
  7 bats
  6 endoplasms
  4 giant cockroaches
  7 goblins
  7 hobgoblins
  7 jackals
  9 kobolds
  A quokka (D:1)
  A frilled lizard (D:1)
  6 rats
127 creatures vanquished.

Notes
Turn   | Place    | Note
-------+----------+-------------------------------------------
     0 | Abyss:1  | heikuro the Formicid Abyssal Knight began the quest for the
                  | Orb.
     0 | Abyss:1  | Reached XP level 1. HP: 18/18 MP: 2/2
    37 | Abyss:1  | Noticed a freezing wraith
    38 | D:1      | Escaped the Abyss
   143 | D:1      | Reached skill level 1 in Dodging
   204 | D:1      | Reached XP level 2. HP: 17/24 MP: 3/3
   325 | D:1      | Reached * piety under Lugonu
   563 | D:1      | Reached XP level 3. HP: 29/29 MP: 4/4
   838 | D:1      | Found a faded altar of an unknown god.
  1107 | D:2      | Reached XP level 4. HP: 37/37 MP: 6/6
  1192 | D:2      | Reached skill level 3 in Long Blades
  1498 | D:2      | Found a broken altar of Ashenzari.
  1693 | D:2      | Reached ** piety under Lugonu
  2323 | D:3      | Reached XP level 5. HP: 42/42 MP: 7/7
  3269 | D:3      | Reached XP level 6. HP: 34/48 MP: 8/8
  3356 | D:3      | Reached skill level 4 in Long Blades
  3539 | D:3      | Found a white marble altar of Elyvilon.
  3539 | D:3      | Found a sparkling altar of Nemelex Xobeh.
  3544 | D:3      | Found a faded altar of an unknown god.
  3546 | D:3      | Found a blossoming altar of Fedhas.
  3548 | D:3      | Found a faded altar of an unknown god.
  3695 | D:4      | Found a shimmering altar of Xom.
  3782 | D:4      | Found a shimmering altar of Xom.
  3812 | D:4      | Found a shimmering altar of Xom.
  3812 | D:4      | Found a shimmering altar of Xom.
  3812 | D:4      | Found a shimmering altar of Xom.
  3817 | D:4      | Found a shimmering altar of Xom.
  3817 | D:4      | Found a shimmering altar of Xom.
  3837 | D:4      | Found a broken altar of Ashenzari.
  3858 | D:4      | Reached *** piety under Lugonu
  3928 | D:4      | Found Gemp's Book Shop.
  4298 | D:4      | Found Gitag Bofa's Weapon Boutique.
  4340 | D:4      | Reached XP level 7. HP: 34/55 MP: 10/10
  4506 | D:4      | Found Vyisueg's Armour Boutique.
  4540 | D:4      | Found Uttuoh's Antique Armour Boutique.
  4771 | D:5      | Entered Level 5 of the Dungeon
  4786 | D:5      | Found an ornate altar of the Wu Jian Council.
  4786 | D:5      | Found a bloodstained altar of Trog.
  4840 | D:5      | Found Murad's Magic Scroll Shop.
  4847 | D:5      | Bought a scroll of magic mapping for 42 gold pieces
  4990 | D:5      | Noticed a yak
  4990 | D:5      | Noticed a yak
  5184 | D:6      | Reached skill level 1 in Slings
  5331 | D:6      | Noticed a two-headed ogre
  5332 | D:6      | Reached skill level 5 in Long Blades
  5369 | D:6      | Killed a two-headed ogre
  5370 | D:6      | Reached skill level 5 in Fighting
  5370 | D:6      | Reached skill level 6 in Long Blades
  5370 | D:6      | Reached skill level 5 in Invocations
  5370 | D:6      | Reached XP level 8. HP: 1/63 MP: 7/12
  5749 | D:6      | Found a stormy altar of Qazlal.
  5775 | D:6      | Reached skill level 5 in Armour
  5966 | D:6      | Found a glowing golden altar of the Shining One.
  5999 | D:6      | Found a staircase to the Ecumenical Temple.
  6008 | Temple   | Entered the Ecumenical Temple
  6383 | D:7      | Noticed Menkaure
  6391 | D:7      | Killed Menkaure
  6392 | D:7      | Reached XP level 9. HP: 17/69 MP: 13/13
  7579 | D:7      | Reached skill level 7 in Long Blades
  8115 | D:7      | HP: 3/70 [poisoned by a killer bee]
  8120 | D:7      | Slain by a killer bee

Illustrated notes

Levels and vault maps discovered:
D:1:      dpeg_arrival_central, layout_basic,
          ebering_ecumenical_altar_petrified, skrybe_limestone_x,
          minmay_misc_feat_chi
D:2:      layout_basic, basic_altar, kennysheep_generic_room_11
D:3:      layout_loops_ring, chequers_temple_overflow_minitemple
D:4:      layout_rooms, nicolae_ashenzari_skybound, nicolae_xom_altar_mimics,
          serial_shops, shop, nicolae_shop_crystal, nicolae_shop_behind_doors,
          nicolae_shop_temple_entry_statues_fountains, grunt_decor_resistance
D:5:      minmay_thinvault, layout_basic, mainiacjoe_overflow_small_starburst,
          nicolae_overflow_hidden_temple, lemuel_tele_altar, serial_shops, shop,
          kennysheep_diamond, grunt_ministairs_12, minivault_4,
          hangedman_abyss_or_decor_stabs, uniq_grinder
D:6:      layout_cave_pools, mainiacjoe_overflow_chevrons, tso_oasis_becter,
          lemuel_temple_firewalk_a, minmay_misc_feat_doors
D:7:      layout_loops_ring, nicolae_ru_path_of_blood, uniq_menkaure
Temple:   nicolae_temple_figure_zero

Skill      XL: |  1  2  3  4  5  6  7  8  9 |
---------------+----------------------------+-----
Dodging        | 1 |  1.0
Long Blades    | 3 4 6 7 |  7.3
Invocations    | 3 4 5 6 |  6.2
Armour         | 3 4 5 |  5.8
Fighting       | 4 5 6 |  6.3
Slings         | 2 3 4 |  4.1

Action                   |  1- 3 |  4- 6 |  7- 9 || total
-------------------------+-------+-------+-------++-------
Melee: Falchion          |    43 |       |       ||    43
       Dagger            |    46 |   311 |   224 ||   581
       Great sword       |       |       |    10 ||    10
       Unarmed           |       |       |     2 ||     2
 Fire: Hunting sling     |       |     3 |    42 ||    45
Throw: Dart              |       |     8 |    21 ||    29
Invok: Depart the Abyss  |     1 |       |       ||     1
       Bend Space        |       |       |     8 ||     8
 Abil: Dig               |       |       |     3 ||     3
Evoke: Wand              |       |       |     7 ||     7
  Use: Scroll            |       |       |     3 ||     3
       Potion            |       |       |     3 ||     3
Armor: Leather armour    |    12 |       |       ||    12
       Chain mail        |    47 |   139 |   140 ||   326
Dodge: Dodged            |    33 |    91 |    73 ||   197

Table legend: (Time is in decaauts)
 A = Elapsed time spent in this place.
 B = Non-inter-level travel time spent in this place.
 C = Inter-level travel time spent in this place.
 D = Time resting spent in this place.
 E = Time spent auto-exploring this place.
 F = Levels seen in this place.
 G = Mean time per level.
                   A        B        C        D        E       F      G
               +--------+--------+--------+--------+--------+-----+--------+
         Total |   8048 |   7671 |    377 |   2238 |   3369 |   9 |  894.2 |
       Dungeon |   7886 |   7519 |    367 |   2238 |   3220 |   7 | 1126.6 |
        Temple |    123 |    113 |     10 |      0 |    113 |   1 |  123.0 |
         Abyss |     38 |     38 |      0 |      0 |     36 |   1 |   38.0 |
               +--------+--------+--------+--------+--------+-----+--------+

Top non-repeatable levels by time:
     D:6: 2007 daAuts
     D:3: 1444 daAuts
     D:2: 1218 daAuts
     D:4: 1034 daAuts
     D:1: 1005 daAuts
     D:7: 946 daAuts
     D:5: 230 daAuts
  Temple: 123 daAuts
 Abyss:1: 38 daAuts
